 Dungeon Crawl Stone Soup version 0.28-a0-245-g639a1a48b9 (webtiles) character file.

Game seed: 8829542272072977247

308 hatdisgam the Shield-Bearer (level 6, -19/47 HPs)
             Began as a Formicid Fighter on Aug 24, 2021.
             Demolished by Crazy Yiuf (20 damage)
             ... on level 2 of the Dungeon.
             The game lasted 00:02:29 (2054 turns).

hatdisgam the Shield-Bearer (Formicid Fighter)      Turns: 2054, Time: 00:02:29

Health: -19/47     AC:  8    Str: 23    XL:     6   Next: 68%
Magic:  6/6        EV:  9    Int:  7    God:
Gold:   47         SH:  8    Dex: 10    Spells: 5/5 levels left

rFire   . . .      SeeInvis +   a - +0 war axe
rCold   . . .      Faith    .   c - +0 kite shield
rNeg    . . .      Spirit   .   b - +0 scale mail
rPois   .          Reflect  .   (helmet unavailable)
rElec   .          Harm     .   (no cloak)
rCorr   .          Rampage  .   j - +0 pair of gloves
Will    .....                   (no boots)
Stlth   ..........              (no amulet)
HPRegen 0.15/turn               (no ring)
MPRegen 0.10/turn               (no ring)

@: lethally poisoned (-19 -> -26), very slightly contaminated, invisible
A: permanent stasis, dig shafts and tunnels, antennae 3, four strong arms
a: Dig, Shaft Self


You were on level 2 of the Dungeon.
You visited 1 branch of the dungeon, and saw 2 of its levels.

You collected 47 gold pieces.

Inventory:

Hand Weapons
 a - a +0 war axe (weapon)
Armour
 b - a +0 scale mail (worn)
 c - a +0 kite shield (worn)
 j - a +0 pair of gloves (worn)
Jewellery
 m - a ring of wizardry
Wands
 k - a wand of flame (15)
Scrolls
 d - a scroll of identify {unknown}
 e - a scroll of noise {unknown}
 i - a scroll of fear {unknown}
 n - a scroll of teleportation {unknown}
Potions
 f - a potion of resistance {unknown}
 g - a potion of lignification {unknown}
 h - a potion of haste {unknown}
 l - a potion of flight {unknown}


   Skills:
 - Level 3.2 Fighting
 * Level 4.9 Axes
 - Level 3.2 Armour
 + Level 2.5 Dodging
 + Level 5.1 Shields


You had 5 spell levels left.
You didn't know any spells.
Your spell library contained the following spells:

 Spells                   Type           Power      Damage    Failure   Level
 Pain                     Necr           0%         1d4       95%         1
 Agony                    Necr           0%         N/A       100%        5
 Excruciating Wounds      Necr           0%         N/A       100%        5


Dungeon Overview and Level Annotations

Branches:
Dungeon (2/15)

Altars:

Annotations:
D:2 Crazy Yiuf


Innate Abilities, Weirdness & Mutations

You cannot be hasted, slowed, berserked, paralysed or teleported.
You can dig through walls and to a lower floor.
You have a pair of large antennae on your head. (SInv)
Your four strong arms can wield two-handed weapons with a shield.


Message History

There is a stone staircase leading up here.
You see here a +0 hand axe.
Could not explore, unopened runed door.
Could not explore, unopened runed door.
Could not explore, unopened runed door.
You open the door.
Crazy Yiuf is nearby!
Okay, then.
Aiming: Throw Flame
Press: ? - help, Shift-Dir - straight line, f - Crazy Yiuf
Aim: Crazy Yiuf, wielding a +2 quarterstaff of chaos and wearing a +0 cloak (72% to hit)
The puff of flame hits Crazy Yiuf.
Crazy Yiuf is lightly wounded.
You closely miss Crazy Yiuf.
Crazy Yiuf is lightly wounded.
You block Crazy Yiuf's attack.
Crazy Yiuf hits you with a +2 quarterstaff of chaos.
Crazy Yiuf freezes you.
You closely miss Crazy Yiuf.
Crazy Yiuf is lightly wounded.
Crazy Yiuf laughs, "Prologue!
Cod stair arga."
Crazy Yiuf hits you with a +2 quarterstaff of chaos.
You fade into invisibility!
You are very lightly contaminated with residual magic.
You catch the helpless Crazy Yiuf completely off-guard!
You slash Crazy Yiuf!
Crazy Yiuf is severely wounded.
Crazy Yiuf hits you with a +2 quarterstaff of chaos!
You are poisoned.
You closely miss Crazy Yiuf.
Crazy Yiuf is severely wounded.
You feel very sick.
Crazy Yiuf hits you with a +2 quarterstaff of chaos!
* * * LOW HITPOINT WARNING * * *
Crazy Yiuf burns you.
* * * LOW HITPOINT WARNING * * *
Crazy Yiuf hits you with a +2 quarterstaff of chaos!
* * * LOW HITPOINT WARNING * * *
You are electrocuted!!
You die...

♣♣♣♣♣## ###
♣♣♣.♣...###
#...#♣..♣......##
#...g@♣♣♣♣......#
## #)..#♣♣
♣♣..#..#
.######### ###
♣♣###.#
.........# #..#
.######### #.##
.# ############.#
## #............#
##.############
#..#


You could see Crazy Yiuf.

Vanquished Creatures
  Sigmund (D:2)
  Natasha (thrice) (D:2)
  An adder (D:2)
  2 worms (D:2)
  3 dart slugs (D:2)
  6 endoplasms
  3 giant cockroaches (D:1)
  7 goblins
  3 hobgoblins (D:2)
  7 jackals (D:1)
  A kobold (D:1)
  2 quokkas (D:1)
  5 ball pythons
  7 bats
  A frilled lizard (D:1)
  5 rats
57 creatures vanquished.

Notes
Turn   | Place    | Note
-------+----------+-------------------------------------------
     0 | D:1      | hatdisgam the Formicid Fighter began the quest for the Orb.
     0 | D:1      | Reached XP level 1. HP: 18/18 MP: 1/1
    41 | D:1      | Reached XP level 2. HP: 10/24 MP: 2/2
   471 | D:1      | Reached XP level 3. HP: 28/29 MP: 3/3
   491 | D:1      | Reached skill level 4 in Shields
   492 | D:1      | Reached skill level 1 in Dodging
   910 | D:2      | Noticed Sigmund
  1131 | D:2      | Killed Sigmund
  1132 | D:2      | Reached XP level 4. HP: 21/35 MP: 4/4
  1132 | D:2      | Reached XP level 5. HP: 24/41 MP: 5/5
  1132 | D:2      | Reached XP level 6. HP: 28/47 MP: 6/6
  1390 | D:2      | Noticed Natasha
  1413 | D:2      | Killed Natasha
  1414 | D:2      | Reached skill level 5 in Shields
  1440 | D:2      | Noticed Natasha
  1450 | D:2      | Killed Natasha
  1705 | D:2      | Found a runed translucent door.
  1706 | D:2      | Noticed Crazy Yiuf
  1869 | D:2      | Noticed Natasha
  1882 | D:2      | Killed Natasha
  2054 | D:2      | HP: 1/47 [Crazy Yiuf (10)]
  2054 | D:2      | Demolished by Crazy Yiuf

Illustrated notes

Levels and vault maps discovered:
D:1:      dpeg_arrival_radiant, layout_rooms
D:2:      layout_rooms, uniq_crazy_yiuf_cottage, uniq_natasha, uniq_sigmund

Skill      XL: |  1  2  3  4  5  6 |
---------------+-------------------+-----
Shields        | 4 5 |  5.1
Dodging        | 2 |  2.5
Axes           | 4 |  4.9
Fighting       | |  3.2
Armour         | |  3.2

Action                   |  1- 3 |  4- 6 || total
-------------------------+-------+-------++-------
Melee: War axe           |   105 |    67 ||   172
 Abil: Dig               |       |     2 ||     2
Evoke: Wand              |       |     1 ||     1
  Use: Potion            |     1 |       ||     1
 Stab: Invisible         |       |     1 ||     1
Armor: Scale mail        |    89 |    26 ||   115
Dodge: Dodged            |    60 |    33 ||    93
Block: Kite shield       |    76 |    25 ||   101

Table legend: (Time is in decaauts)
 A = Elapsed time spent in this place.
 B = Non-inter-level travel time spent in this place.
 C = Inter-level travel time spent in this place.
 D = Time resting spent in this place.
 E = Time spent auto-exploring this place.
 F = Levels seen in this place.
 G = Mean time per level.
                   A        B        C        D        E       F      G
               +--------+--------+--------+--------+--------+-----+--------+
         Total |   2138 |   2104 |     34 |    201 |   1452 |   2 | 1069.0 |
       Dungeon |   2138 |   2104 |     34 |    201 |   1452 |   2 | 1069.0 |
               +--------+--------+--------+--------+--------+-----+--------+

Top non-repeatable levels by time:
     D:2: 1081 daAuts
     D:1: 1057 daAuts
